 Dungeon Sprint DCSS version 0.21.1-1-g345015f (webtiles) character file.

487 Fang the Fighter (level 7, -1/51 HPs)
             Began as a Gargoyle Berserker on Apr 18, 2018.
             Was an Elder of Trog.
             Slain by a merfolk
             ... wielding the +2 halberd of Daek {elec, rPois}
              (10 damage)
             ... in the Dungeon (Sprint V: "Ziggurat Sprint").
             The game lasted 00:02:04 (271 turns).

Fang the Fighter (Gargoyle Berserker)                Turns: 271, Time: 00:02:05

Health: -1/51      AC: 22    Str: 29    XL:     7   Next: 13%
Magic:  7/7        EV:  5    Int:  7    God:    Trog [****..]
Gold:   0          SH: 17    Dex:  9    Spells: 6/6 levels left

rFire    . . .     SeeInvis .   m - +5 demon trident (venom)
rCold    . . .     Gourm    .   k - +3 large shield
rNeg     + . .     Faith    .   j - +5 shadow dragon scales
rPois    ∞         Spirit   .   (no helmet)
rElec    +         Reflect  .   (no cloak)
rCorr    .         Harm     .   (no gloves)
MR       .....     NoTele   +   (no boots)
Stlth    +++.......             (no amulet)
HPRegen  0.17/turn              G - +6 ring of strength
MPRegen  0.10/turn              H - ring of flight

@: berserk cooldown, slowed, very slow
A: negative energy resistance 1, electricity resistance, unbreathing,
petrification resistance, rot immunity, AC +4
a: Berserk, Trog's Hand, Brothers in Arms, Burn Spellbooks, Renounce Religion,
Evoke Flight


You were in the Dungeon.
You worshipped Trog.
Trog was greatly pleased with you.
You were not hungry.

You visited 1 branch

Inventory:

Hand Weapons
 l - a +5 executioner's axe
 m - a +5 demon trident of venom (weapon)
 C - the +12 mace of Variability {chaos}
   (You found it in the Dungeon)

   Each time it hits an enemy it has a different, random effect.
Armour
 j - +5 shadow dragon scales (worn)
 k - a +3 large shield (worn)
Jewellery
 G - a +6 ring of strength (left hand)
 H - a ring of flight (right hand)
Wands
 y - a wand of disintegration (7)
 z - a wand of iceblast (7)
 A - a wand of acid (7)
Scrolls
 i - 4 scrolls of blinking
 n - 7 scrolls of fog
 o - a scroll of holy word
 p - 5 scrolls of identify
 q - 5 scrolls of remove curse
 r - 2 scrolls of fear
Potions
 d - 10 potions of curing
 e - 10 potions of heal wounds
 f - 6 potions of haste
 g - 7 potions of magic
 h - 3 potions of berserk rage
 s - 2 potions of brilliance
 t - 2 potions of invisibility
 u - 4 potions of resistance
 v - a potion of experience
 w - 5 potions of agility
 x - 5 potions of might
Miscellaneous
 b - a lamp of fire
Comestibles
 a - a chunk of flesh
 c - 7 rations


   Skills:
 + Level 9.4 Fighting
 + Level 7.7(8.5) Axes
 + Level 5.1(7.2) Polearms
 + Level 5.7 Armour
 + Level 4.1 Dodging
 + Level 2.9 Stealth
 + Level 1.8 Shields


You had 6 spell levels left.
You didn't know any spells.

Dungeon Overview and Level Annotations

Branches:
Dungeon (1/1)

Altars:
Ashenzari
Cheibriados
Dithmenos
Elyvilon
Fedhas
Gozag
Hepliaklqana
Kikubaaqudgha
Makhleb
Nemelex Xobeh
Okawaru
Qazlal
Ru
Sif Muna
Trog
Uskayaw
Vehumet
Wu Jian
Xom
Yredelemnul
Zin
The Shining One
Beogh
Jiyva
Lugonu

Annotations:
D 1 transporter


Innate Abilities, Weirdness & Mutations

You are resistant to torment.
Your stone body is resilient. (AC +4)
You are immune to poison.
You resist negative energy. (rN+)
You are resistant to electric shocks. (rElec)
You can survive without breathing.
You are immune to petrification.
You are immune to rotting.


Message History

Unknown command.
You hit the merfolk.
The merfolk looks as sick as possible!
The merfolk is heavily wounded.
The merfolk hits you from afar with the +2 halberd of Daek {elec, rPois}!
You block the merfolk's attack. x2
The merfolk hits you from afar with the +2 halberd of Daek {elec, rPois}!
* * * LOW HITPOINT WARNING * * *
Unknown command.
You are too injured to fight recklessly!
Unknown command.
You are too injured to fight recklessly!
Unknown command.
You are too injured to fight recklessly!
You puncture the merfolk!
The merfolk looks as sick as possible!
The merfolk is severely wounded.
The merfolk hits you from afar with a trident.
* * * LOW HITPOINT WARNING * * *
You block the merfolk's attack.
The merfolk hits you from afar with the +2 halberd of Daek {elec, rPois}!
You die...

▓..©..▓..©..▓▓▓▓▓▓▓
▓▓▓▓▓▓▓▓▓▓▓▓▓▓
▓..8©8...▓
▓..):)...▓
▓........▓
▓........▓
▓..)mm...▓
▓...m....▓
▓...@....▓
▓▓▓▓▓▓▓▓▓▓


You could see 3 merfolk.

Vanquished Creatures
  A merfolk (D)
  A porcupine (D)
  A hell hound (D)
  A crimson imp (D)
  An iron imp (D)
  A mummy (D)
  A river rat (D)
  A bat zombie (D)
  A giant cockroach zombie (D)
  A quokka skeleton (D)
10 creatures vanquished.

Vanquished Creatures (others)
  A spatial maelstrom (D)
1 creature vanquished.

Grand Total: 11 creatures vanquished

Notes
Turn   | Place    | Note
-------+----------+-------------------------------------------
     0 | D        | Found the +6 Majin-Bo {vamp, Archmagi MP+6 Int+6}
     0 | D        | Found the +7 great mace "Firestarter" {inner flame, rF++}
     0 | D        | Fang the Gargoyle Berserker began the quest for the Orb.
     0 | D        | Reached XP level 1. HP: 14/14 MP: 1/1
     3 | D        | Found a blossoming altar of Fedhas.
     5 | D        | Found a viscous altar of Jiyva.
     5 | D        | Found a hazy altar of Hepliaklqana.
     5 | D        | Found a transporter.
     5 | D        | Found an opulent altar of Gozag.
     5 | D        | Found an ancient bone altar of Kikubaaqudgha.
     5 | D        | Found a corrupted altar of Lugonu.
    11 | D        | Found a burning altar of Makhleb.
    12 | D        | Found a stormy altar of Qazlal.
    12 | D        | Found a sacrificial altar of Ru.
    12 | D        | Found an iron altar of Okawaru.
    12 | D        | Found a deep blue altar of Sif Muna.
    12 | D        | Found a sparkling altar of Nemelex Xobeh.
    12 | D        | Found a bloodstained altar of Trog.
    18 | D        | Banished a spatial maelstrom
    85 | D        | Entered arena 2.
    85 | D        | Noticed a porcupine
    85 | D        | Found a transporter.
    89 | D        | Killed a porcupine
    89 | D        | Reached skill level 6 in Fighting
    89 | D        | Reached skill level 5 in Axes
    89 | D        | Reached XP level 2. HP: 23/23 MP: 2/2
    89 | D        | Reached XP level 3. HP: 28/28 MP: 3/3
    89 | D        | Reached XP level 4. HP: 32/32 MP: 4/4
    91 | D        | Reached skill level 7 in Fighting
   143 | D        | Entered arena 3.
   143 | D        | Found a transporter.
   144 | D        | Found the +12 mace of Variability {chaos}
   147 | D        | Reached ** piety under Trog
   147 | D        | Reached XP level 5. HP: 38/38 MP: 5/5
   161 | D        | Entered arena 4.
   161 | D        | Noticed a hell hound
   161 | D        | Found a transporter.
   169 | D        | Killed a hell hound
   169 | D        | Reached *** piety under Trog
   169 | D        | Reached skill level 8 in Fighting
   169 | D        | Reached skill level 1 in Stealth
   176 | D        | Reached XP level 6. HP: 33/45 MP: 6/6
   179 | D        | Reached skill level 5 in Armour
   184 | D        | Reached **** piety under Trog
   259 | D        | Entered arena 5.
   259 | D        | Noticed a merfolk
   259 | D        | Noticed a merfolk
   259 | D        | Noticed a merfolk
   259 | D        | Noticed a merfolk
   259 | D        | Found a transporter.
   267 | D        | Killed a merfolk
   267 | D        | Reached skill level 9 in Fighting
   267 | D        | Reached skill level 5 in Polearms
   267 | D        | Reached skill level 1 in Shields
   267 | D        | Reached XP level 7. HP: 51/51 MP: 7/7
   271 | D        | Identified the +2 halberd of Daek {elec, rPois}
   271 | D        | Slain by a merfolk

Skill      XL: |  1  2  3  4  5  6 |
---------------+-------------------+-----
Fighting       | 6 7 8 9 |  9.4
Axes           | 5 6 7 |  7.7
Armour         | 3 4 5 |  5.7
Dodging        | 2 3 4 |  4.1
Polearms       | 3 5 |  5.1
Stealth        | 2 |  2.9
Shields        | 1 |  1.8

Action                   |  1- 3 |  4- 6 |  7- 9 || total
-------------------------+-------+-------+-------++-------
Melee: Demon trident     |     3 |    27 |     4 ||    34
Invok: Berserk           |     1 |     1 |       ||     2
       Burn Spellbooks   |       |     1 |       ||     1
  Use: Scroll            |       |     1 |       ||     1
 Stab: Sleeping          |       |     1 |       ||     1
Armor: Shadow dragon sca |       |    12 |     1 ||    13
Dodge: Dodged            |       |     1 |     1 ||     2
Block: Large shield      |     1 |    13 |     8 ||    22
